 Dungeon Crawl Stone Soup version 0.17-a0-627-g5cb7d3e (webtiles) character file.

187660 ahoge the Shatterer (level 17, -16/165 HPs)
             Began as a Minotaur Berserker on Apr 16, 2015.
             Was a High Priest of Trog.
             Shot with a bolt by a naga sharpshooter (21 damage)
             ... on level 5 of the Snake Pit on Apr 17, 2015.
             The game lasted 04:47:10 (31926 turns).

ahoge the Shatterer (Minotaur Berserker)           Turns: 31926, Time: 04:47:10

Health: -16/165    AC: 25    Str: 22      XL:     17   Next: 88%
Magic:  16/16      EV: 21    Int:  3 (4)  God:    Trog [*****.]
Gold:   2378       SH:  0    Dex: 20      Spells: 0 memorised, 16 levels left

rFire  + + +     SeeInvis .     s - +9 great mace "Hofripn" {drain, Stlth+}
rCold  + . .     Clarity  +     F - +4 chain mail of Kuruvuoj {rElec rF+++ Dex-5 Slay+2}
rNeg   . . .     SustAb   .     (no shield)
rPois  +         Gourm    .     (helmet restricted)
rElec  +         Spirit   .     (no cloak)
rCorr  .         Warding  .     E - +2 pair of gloves
rMut   .         Stasis   .     a - -2 pair of boots "Urikh" {Dex+8 Stlth+} (curse)
MR     +....                    w - amulet of faith (curse)
Stlth  +.........               g - ring of poison resistance
                                S - ring of protection from cold

@: very slightly contaminated, hasted, very quick, somewhat resistant to hostile
enchantments, very unstealthy
A: retaliatory headbutt, horns 2, molten scales 1, rugged brown scales 1, thin
metallic scales 1, breathe flames 1, clarity, deterioration 1, fire resistance
1, mutation resistance 1
a: Burn Spellbooks, Berserk, Trog's Hand, Brothers in Arms, Renounce Religion,
Breathe Fire


You were on level 5 of the Snake Pit.
You worshipped Trog.
Trog was extremely pleased with you.
You were not hungry.

You visited 4 branches of the dungeon, and saw 32 of its levels.
You visited the Abyss 1 time.
You also visited: Labyrinth and Ice Cave.

You collected 3557 gold pieces.
You spent 1179 gold pieces at shops.

Inventory:

Hand weapons
 s - the +9 great mace "Hofripn" (weapon) {drain, Stlth+}
   (Trog gifted it to you on level 13 of the Dungeon)

   A truly terrible weapon, it drains the life of those it strikes.
   It makes you more stealthy.
 t - the +1 dire flail "Enuc" {crush, Dex+5}
   (Trog gifted it to you on level 1 of the Snake Pit)

   It inflicts extra damage upon your enemies.
   It affects your dexterity (+5).
 Q - a +3 antimagic great mace
 T - a +4 great mace of protection
Armour
 a - the cursed -2 pair of boots "Urikh" (worn) {Dex+8 Stlth+}
   (You found it on level 1 of the Snake Pit)

   It affects your dexterity (+8).
   It makes you more stealthy.
   It has a curse placed upon it.
 q - the +6 plate armour of Sif Muna's Scorn {SInv}
   (You acquired it on level 11 of the Dungeon)

   It enhances your eyesight.
 E - a +2 pair of gloves (worn)
 F - the +4 chain mail of Kuruvuoj (worn) {rElec rF+++ Dex-5 Slay+2}
   (You bought it in a shop on level 4 of the Orcish Mines)

   It affects your dexterity (-5).
   It affects your accuracy and damage with ranged weapons and melee attacks
   (+2).
   It renders you almost immune to fire.
   It insulates you from electricity.
 J - the +0 robe "Plog" {rC+ Regen+ MP+9}
   (You found it in a labyrinth)

   It protects you from cold.
   It affects your magic capacity (+9).
   It increases your rate of regeneration.
Jewellery
 g - a ring of poison resistance (right hand)
 w - a cursed amulet of faith (around neck)
 I - an uncursed ring of sustain abilities
 K - an uncursed amulet of the gourmand {unknown}
 R - an uncursed ring of protection from fire
 S - a ring of protection from cold (left hand)
Magical devices
 b - a wand of lightning (7)
 e - a wand of digging (10)
 i - a wand of fire (14)
 x - a wand of paralysis (16)
 G - a wand of teleportation (5)
 H - a wand of fireball (14)
 N - a wand of disintegration (11)
 O - a wand of flame (30)
 U - a wand of frost (19)
 Y - a wand of cold (9)
Scrolls
 u - 4 scrolls of enchant weapon
 z - a scroll of summoning
 A - 4 scrolls of fog
 C - 10 scrolls of remove curse
 D - 2 scrolls of magic mapping
 L - 2 scrolls of enchant armour
 V - 2 scrolls of fear
 W - 4 scrolls of recharging
Potions
 j - a potion of haste
 k - a potion of agility
 n - a potion of flight
 o - 4 potions of might
 P - 2 potions of cancellation
 Z - 2 potions of berserk rage
Miscellaneous
 p - a disc of storms
 y - a crystal ball of energy
Comestibles
 c - 16 bread rations
 d - 11 beef jerkies
 f - 22 royal jellies
 m - 13 meat rations
 B - 9 fruits


   Skills:
 * Level 17.3 Fighting
 + Level 21.7 Maces & Flails
 * Level 17.2 Armour
 * Level 16.9 Dodging


You had 16 spell levels left.
You didn't know any spells.

Dungeon Overview and Level Annotations

Branches:
Dungeon (15/15)            Temple (0/1) D:7            Lair (8/8) D:10
  Swamp (0/5) Lair:6        Snake (5/5) Lair:4        Slime (0/6) Lair:7
    Orc (4/4) D:11            Elf (0/3) Orc:4        Vaults (0/5) D:14
 Depths (0/5) D:15

Altars:
Ashenzari
Elyvilon
Fedhas
Kikubaaqudgha
Nemelex Xobeh
Qazlal
Ru
Xom
Yredelemnul
Zin
The Shining One
Beogh

Shops:
D:4 *   D:9 *   D:13 [   Orc:2 !   Orc:4 :([=[   Snake:1 %


Innate Abilities, Weirdness & Mutations

You reflexively headbutt those who attack you in melee.
You have a pair of horns on your head.
You are partially covered in molten scales (AC +1).
You are partially covered in rugged brown scales (AC +1, +3% HP).
You are partially covered in thin metallic scales (AC +2).
You can breathe flames.
You possess an exceptional clarity of mind.
Your body is slowly deteriorating.
Your flesh is heat resistant.
You are somewhat resistant to further mutation.


Message History

You feel yourself speed up.
You feel sick.
The naga sharpshooter shoots a bolt.
The bolt completely misses you.
You are very lightly contaminated with residual magic.
The naga sharpshooter casts a spell.
The naga sharpshooter magically shoots a bolt.
The bolt hits you!!
* * * LOW HITPOINT WARNING * * *
You see here a bolt.
You feel sick.
You feel sick.
You start resting.
You feel sick.
You are no longer poisoned.
You start resting.
A mana viper comes into view.
You start resting.
The naga sharpshooter casts a spell.
The naga sharpshooter magically shoots a bolt.
The bolt hits you!!
You die...

..N,** ##.####..##
#.....##...### ,.NN* #.##
##.# #......##.#... ,,#** ###
#.####.S....##.#... ***
###..........#.#... # ###
#........S..#.#... # #.##
#..#..........##.. # ##.##
##.##..........##.. #
##.######.###.........##... #
##(.....##.@............####
#
##..#####N.#####.)...!...####
# ##(###
#....####..........##..
####(##
#......................
NNN)##
#.........##.....###.##
####.#
#.........#####.##....#
####.##
#........######..#....#
...##.#
#........###..........#
.=..####
#........##.....#.....#


You could see a naga sharpshooter.

Vanquished Creatures
  Norris (Snake:2)
  The ghost of Radiman the Axe Maniac, a mighty HOBe of Trog (Snake:5)
  Asterion (Snake:3)
  A tentacled starspawn (Abyss:1)
  Agnes (Snake:3)
  5 greater nagas
  Louise (D:15)
  Azrael (Snake:3)
  A white draconian (IceCv)
  Josephine (D:12)
  A minotaur (Lab)
  8 vault guards (D:14)
  6 naga warriors
  The ghost of hulla the Geomancer, a powerful OpEE of Sif Muna (Lair:2)
  The ghost of stickyfingers the Basher, a powerful FoAs of Okawaru (Lab)
  8 hydras
  14 anacondas
  2 centaur warriors (D:15)
  An ogre mage (D:15)
  5 death yaks
  2 orc high priests (Orc:4)
  A tengu warrior (D:13)
  6 naga sharpshooters
  6 shock serpents
  A wretched star (Abyss:1)
  A salamander mystic (Snake:4)
  4 skeletal warriors (D:15)
  4 naga ritualists
  4 orc knights
  5 unseen horrors
  An ice statue (IceCv)
  A wolf spider zombie (D:12)
  4 hill giants
  An orb spider (shapeshifter) (D:15)
  4 orc sorcerers (Orc:4)
  16 ugly things
  9 mana vipers
  2 griffons
  A wolf spider (Lair:8)
  A manticore (D:12)
  9 elephants
  5 salamanders
  10 naga magi
  A guardian serpent (Lair:8)
  2 centaur zombies
  19 spiny frogs
  2 smoke demons (Abyss:1)
  53 black mambas
  A yaktaur (D:15)
  A gargoyle (D:15)
  An efreet (D:15)
  4 fire drakes
  A tengu conjurer (D:15)
  10 trolls
  A two-headed ogre (Orc:2)
  5 komodo dragons
  A minotaur zombie (Lab)
  3 wandering mushrooms (Lab)
  23 polar bears
  A raiju (Lair:8)
  13 blink frogs
  13 slime creatures
  A hornet zombie (D:13)
  7 ravens
  2 trapdoor spiders (D:15)
  5 wyverns
  6 wraiths
  2 deep elf magi
  4 basilisks
  A small abomination (Abyss:1)
  2 shadows
  74 yaks
  3 fire elementals (Snake:3)
  A mottled dragon (D:14)
  10 hippogriffs
  6 hungry ghosts
  3 vampire mosquitoes (D:15)
  47 wolves
  43 water moccasins
  15 wargs
  4 hell hounds
  34 nagas
  6 spiders (Lair:8)
  2 necrophages
  10 black bears (Lair:8)
  19 orc warriors
  10 porcupines
  A phantom (D:11)
  5 starcursed masses (Abyss:1)
  4 wasps (Lair:8)
  A sky beast (D:10)
  2 ice beasts
  11 centaurs
  2 eyes of draining (D:13)
  15 crocodiles
  An orc skeleton (Orc:4)
  12 ogres
  2 boring beetles
  4 big kobolds
  14 giant frogs
  28 killer bees
  2 scorpions
  30 orc priests
  11 crimson imps
  4 wights (D:8)
  A jelly (D:11)
  A quasit (D:15)
  5 lava snakes (Snake:1)
  3 giant frog skeletons
  31 orc wizards
  18 hounds
  7 iguanas
  16 worker ants
  10 sheep
  A hound zombie (D:5)
  4 mummies
  A worker ant zombie (D:5)
  20 adders
  41 river rats
  3 gnolls (D:5)
  6 shadow imps
  12 white imps (Orc:2)
  An ooze (D:2)
  9 orc zombies (Orc:4)
  An adder skeleton (D:4)
  A worm (D:2)
  6 giant geckos
  156 orcs
  13 bats
  A bat skeleton (D:4)
  2 giant cockroaches
  19 goblins
  21 hobgoblins
  11 jackals
  36 kobolds
  7 quokkas
  9 ball pythons
  A giant gecko skeleton (D:7)
  A giant gecko zombie (D:5)
  5 giant newts
  A giant spore (D:11)
  A jackal zombie (D:9)
  13 rats
  2 ballistomycetes
  A plant (Lair:8)
  2 starspawn tentacles (Abyss:1)
1280 creatures vanquished.

Vanquished Creatures (collateral kills)
  A tentacled starspawn (Abyss:1)
  Maud (Orc:3)
  Aizul (Snake:1)
  An ettin (D:15)
  The ghost of kroki the Destroyer, a powerful DrAE of Ashenzari (Lair:2)
  The ghost of Vidiiot the Severer, a powerful MiBe of Trog (Orc:4)
  4 naga warriors (Snake:1)
  A hydra (Lair:1)
  A death yak (Lair:6)
  An orc high priest (Orc:4)
  A tengu warrior (D:15)
  A titan zombie (Abyss:1)
  Sonja (D:11)
  A deep elf knight (D:15)
  A hill giant (D:15)
  A deep troll (D:15)
  An orc knight (Orc:4)
  A black mamba (Lair:1)
  2 spiny frogs (Lair:8)
  A torpor snail (Lair:4)
  A tengu conjurer (D:15)
  A blue devil (Orc:4)
  2 polar bears (Lair:8)
  A queen bee (D:9)
  A wyvern (D:15)
  6 yaks
  A hell hound (Lair:8)
  A naga (Snake:1)
  A water moccasin (Lair:1)
  2 black bears (Lair:8)
  An orc warrior (D:9)
  A crocodile (Lair:8)
  A giant frog (Lair:1)
  2 orc priests
  An orc wizard (Orc:4)
  A sheep (Lair:8)
  A wandering mushroom (Lab)
  3 river rats (Lair:8)
  6 orcs
  A starspawn tentacle (Abyss:1)
59 creatures vanquished.

Vanquished Creatures (others)
  A troll (Snake:1)
  A two-headed ogre (Lair:8)
  An ogre (Lair:6)
  A giant spore (D:8)
  4 fungi (Lair:8)
  7 plants (Lair:8)
  2 starspawn tentacles (Abyss:1)
  38 starspawn tentacle segments (Abyss:1)
55 creatures vanquished.

Grand Total: 1394 creatures vanquished

Notes
Turn   | Place    | Note
--------------------------------------------------------------
     0 | D:1      | ahoge, the Minotaur Berserker, began the quest for the Orb.
     0 | D:1      | Reached XP level 1. HP: 19/19 MP: 0/0
   140 | D:1      | Reached XP level 2. HP: 18/27 MP: 1/1
   145 | D:1      | Reached skill level 4 in Maces & Flails
   422 | D:1      | Acquired Trog's second power
   609 | D:1      | Reached XP level 3. HP: 30/33 MP: 2/2
   871 | D:2      | Found a sparkling altar of Nemelex Xobeh.
   914 | D:2      | Found a shimmering altar of Xom.
  1190 | D:2      | Found a white marble altar of Elyvilon.
  1191 | D:2      | Found a shimmering altar of Xom.
  1192 | D:2      | Found a basalt altar of Yredelemnul.
  1193 | D:2      | Found a glowing golden altar of the Shining One.
  1525 | D:3      | Found a basalt altar of Yredelemnul.
  1545 | D:3      | Reached XP level 4. HP: 36/40 MP: 3/3
  1706 | D:3      | Reached skill level 5 in Maces & Flails
  1706 | D:3      | Reached XP level 5. HP: 40/46 MP: 4/4
  2276 | D:4      | Found Sazuipaw's General Store.
  2555 | D:4      | Reached XP level 6. HP: 53/53 MP: 5/5
  2867 | D:4      | Found a sacrificial altar of Ru.
  2940 | D:5      | Entered Level 5 of the Dungeon
  3020 | D:5      | Reached skill level 5 in Fighting
  3020 | D:5      | Reached skill level 6 in Maces & Flails
  3195 | D:5      | Reached skill level 5 in Armour
  3239 | D:5      | Reached XP level 7. HP: 51/61 MP: 6/6
  3360 | D:5      | Acquired Trog's third power
  3753 | D:5      | Reached skill level 7 in Maces & Flails
  3785 | D:5      | Reached skill level 5 in Dodging
  3832 | D:6      | Reached XP level 8. HP: 22/70 MP: 7/7
  4049 | D:6      | Reached skill level 8 in Maces & Flails
  4145 | D:6      | Found a glowing silver altar of Zin.
  4554 | D:7      | Found a staircase to the Ecumenical Temple.
  4672 | D:7      | Reached skill level 9 in Maces & Flails
  5237 | D:7      | Reached XP level 9. HP: 60/79 MP: 8/8
  5334 | D:8      | Found a stormy altar of Qazlal.
  5505 | D:8      | Reached skill level 10 in Maces & Flails
  5579 | D:8      | Found a shattered altar of Ashenzari.
  6010 | D:8      | Found an ancient bone altar of Kikubaaqudgha.
  6013 | D:8      | Found a blossoming altar of Fedhas.
  6236 | D:9      | Reached skill level 11 in Maces & Flails
  6319 | D:9      | Found a glowing silver altar of Zin.
  6574 | D:9      | Found Orauwuta's Assorted Antiques.
  6613 | D:9      | Reached XP level 10. HP: 82/88 MP: 9/9
  6885 | D:9      | Bought a scroll of identify for 68 gold pieces
  6896 | D:10     | Entered Level 10 of the Dungeon
  6896 | D:10     | Found a staircase to the Lair.
  6899 | D:10     | Noticed a hill giant
  6939 | D:9      | Gained mutation: You are partially covered in rugged brown scales (AC +1, +3% HP). [potion of beneficial mutation]
  6948 | D:9      | Killed a hill giant
  7182 | D:10     | Killed an unseen horror
  7189 | D:10     | Reached skill level 12 in Maces & Flails
  7463 | D:10     | Gained mutation: Scrolls take you a little longer to read. [mutagenic meat]
  7464 | D:10     | Gained mutation: Your flesh is heat resistant. [mutagenic meat]
  7465 | D:10     | Gained mutation: Your natural rate of healing is unusually fast. [mutagenic meat]
  7493 | D:10     | Noticed a hill giant
  7505 | D:10     | Killed a hill giant
  7954 | Lair:1   | Entered Level 1 of the Lair of Beasts
  7954 | Lair:1   | Noticed a black mamba
  7954 | Lair:1   | Noticed a four-headed hydra
  7965 | Lair:1   | Killed a black mamba
  7966 | Lair:1   | Killed a five-headed hydra
  7966 | Lair:1   | Reached XP level 11. HP: 17/99 MP: 10/10
  8161 | Lair:1   | Received a gift from Trog
  8349 | Lair:1   | Reached skill level 13 in Maces & Flails
  8765 | Lair:1   | Reached skill level 10 in Fighting
  8765 | Lair:1   | Reached skill level 10 in Armour
  9315 | Lair:2   | Noticed hulla's ghost (powerful OpEE)
  9322 | Lair:2   | Killed hulla's ghost
  9379 | Lair:2   | Noticed kroki's ghost (powerful DrAE)
  9398 | Lair:2   | Killed kroki's ghost
  9564 | Lair:2   | Reached skill level 14 in Maces & Flails
  9810 | Lair:3   | Noticed an eight-headed hydra
  9816 | Lair:3   | Killed an eight-headed hydra
  9816 | Lair:3   | Reached skill level 10 in Dodging
  9943 | Lair:3   | Reached XP level 12. HP: 85/111 MP: 11/11
 10043 | Lair:3   | Received a gift from Trog
 10044 | Lair:3   | Got a transparent halberd {god gift}
 10656 | Lair:4   | Noticed a six-headed hydra
 10663 | Lair:4   | Killed a six-headed hydra
 10748 | Lair:4   | Found a staircase to the Snake Pit.
 10828 | Lair:4   | Reached skill level 15 in Maces & Flails
 11142 | Lair:4   | Got a translucent falchion
 11560 | Lair:5   | Gained mutation: You are dopey. (Int -2) [potion of mutation]
 11560 | Lair:5   | Gained mutation: You tend to lose your temper in combat. [potion of mutation]
 12315 | Lair:6   | Found a staircase to the Swamp.
 12380 | Lair:6   | Received a gift from Trog
 12628 | Lair:6   | Reached skill level 16 in Maces & Flails
 13071 | Lair:7   | Reached XP level 13. HP: 121/121 MP: 12/12
 13385 | Lair:7   | Found a staircase to the Slime Pits.
 13419 | Lair:7   | Noticed an eight-headed hydra
 13426 | Lair:7   | Killed an eight-headed hydra
 13611 | Lair:7   | Lost mutation: Scrolls take you a little longer to read. [potion of cure mutation]
 13611 | Lair:7   | Lost mutation: You tend to lose your temper in combat. [potion of cure mutation]
 13611 | Lair:7   | Lost mutation: You are dopey. (Int -2) [potion of cure mutation]
 14011 | Lair:8   | Entered Level 8 of the Lair of Beasts
 14151 | Lair:8   | Found a labyrinth entrance.
 14165 | Lab      | Entered a labyrinth
 14223 | Lab      | Noticed stickyfingers's ghost (powerful FoAs)
 14287 | Lab      | Killed stickyfingers's ghost
 15098 | Lab      | Got a shadowed robe
 15120 | Lab      | Identified the +0 robe "Plog" {rC+ Regen+ MP+9} (You found it in a labyrinth)
 15508 | Lair:8   | Received a gift from Trog
 15800 | Lair:8   | Reached XP level 14. HP: 55/132 MP: 13/13
 16529 | Lair:8   | Received a gift from Trog
 17246 | D:11     | Identified a scroll of acquirement
 17262 | D:11     | Got an encrusted plate armour
 17273 | D:11     | Identified the +6 plate armour of Sif Muna's Scorn {SInv} (You acquired it on level 11 of the Dungeon)
 17569 | D:11     | Reached skill level 15 in Armour
 17570 | D:11     | Noticed an unseen horror
 17583 | D:11     | Killed an unseen horror
 17615 | D:11     | Received a gift from Trog
 17664 | D:11     | Noticed Sonja
 17688 | D:11     | Killed Sonja
 17947 | D:11     | Noticed an orc knight
 17989 | D:11     | Killed an orc knight
 18020 | D:11     | Found a roughly hewn altar of Beogh.
 18032 | D:11     | Found a staircase to the Orcish Mines.
 18644 | Orc:1    | Entered Level 1 of the Orcish Mines
 18706 | Orc:1    | Received a gift from Trog
 19287 | Orc:2    | Found Wacw's Distillery.
 19424 | Orc:2    | Received a gift from Trog
 19485 | Orc:2    | Found a frozen archway.
 19520 | Orc:2    | Received a gift from Trog
 19548 | IceCv    | Entered an ice cave
 20030 | IceCv    | Reached XP level 15. HP: 115/143 MP: 14/14
 20031 | IceCv    | Received a gift from Trog
 20298 | Orc:3    | Reached skill level 15 in Dodging
 20776 | Orc:3    | Noticed Maud
 20784 | Orc:3    | Killed Maud
 21067 | Orc:4    | Entered Level 4 of the Orcish Mines
 21128 | Orc:4    | Noticed Vidiiot's ghost (powerful MiBe)
 21139 | Orc:4    | Killed Vidiiot's ghost
 21140 | Orc:4    | Received a gift from Trog
 21251 | Orc:4    | Found Vimyk's Book Emporium.
 21349 | Orc:4    | Reached skill level 15 in Fighting
 21450 | Orc:4    | Found a staircase to the Elven Halls.
 21551 | Orc:4    | Found Niewel's Antique Armour Emporium.
 21624 | Orc:4    | Received a gift from Trog
 21774 | Orc:4    | Found Olaoteob's Armour Shop.
 21787 | Orc:4    | Bought a pair of runed gloves for 112 gold pieces
 21793 | Orc:4    | Found Onwism's Antique Weapon Shop.
 21795 | Orc:4    | Found Ojirui's Jewellery Emporium.
 21818 | Orc:4    | Bought the +4 chain mail of Kuruvuoj {rElec rF+++ Dex-5 Slay+2} for 999 gold pieces
 22168 | D:12     | Noticed Josephine
 22176 | D:12     | Killed Josephine
 22800 | D:13     | Found Evveil's Armour Shoppe.
 22811 | D:13     | Received a gift from Trog
 22830 | D:13     | Got an iridescent great mace {god gift}
 22831 | D:13     | Identified the +9 great mace "Hofripn" {drain, Stlth+} (Trog gifted it to you on level 13 of the Dungeon)
 23286 | D:13     | Gained mutation: You are partially covered in molten scales (AC +1). [mutagenic meat]
 23691 | D:14     | Gained mutation: Scrolls take you a little longer to read. [mutagenic meat]
 23692 | D:14     | Lost mutation: Scrolls take you a little longer to read. [mutagenic meat]
 23693 | D:14     | Gained mutation: You can spit weak poison. [mutagenic meat]
 23694 | D:14     | Gained mutation: You expend magic power (3 MP) to strengthen your wands. [mutagenic meat]
 23701 | D:14     | Gained mutation: You possess an exceptional clarity of mind. [mutagenic meat]
 23702 | D:14     | Gained mutation: You are partially covered in thin metallic scales (AC +2). [mutagenic meat]
 23703 | D:14     | Gained mutation: Your mind is acute. (Int +2) [mutagenic meat]
 23704 | D:14     | Lost mutation: You expend magic power (3 MP) to strengthen your wands. [mutagenic meat]
 23705 | D:14     | Gained mutation: Your body is slowly deteriorating. [mutagenic meat]
 23706 | D:14     | Lost mutation: You can spit weak poison. [mutagenic meat]
 23707 | D:14     | Gained mutation: Potions and wands are less effective at restoring your health. [mutagenic meat]
 23708 | D:14     | Gained mutation: Scrolls take you a little longer to read. [mutagenic meat]
 23709 | D:14     | Lost mutation: Scrolls take you a little longer to read. [potion of cure mutation]
 23709 | D:14     | Lost mutation: Potions and wands are less effective at restoring your health. [potion of cure mutation]
 23709 | D:14     | Lost mutation: Your body is slowly deteriorating. [potion of cure mutation]
 23709 | D:14     | Lost mutation: Your mind is acute. (Int +2) [potion of cure mutation]
 23709 | D:14     | Lost mutation: You possess an exceptional clarity of mind. [potion of cure mutation]
 23842 | D:14     | Found a gate to the Vaults.
 23865 | D:14     | Reached skill level 17 in Maces & Flails
 24386 | D:15     | Entered Level 15 of the Dungeon
 24398 | D:15     | Received a gift from Trog
 24411 | D:15     | Reached XP level 16. HP: 48/155 MP: 15/15
 24414 | D:15     | Found a staircase to the Depths.
 24456 | D:15     | Reached skill level 18 in Maces & Flails
 24728 | D:15     | Lost mutation: Your natural rate of healing is unusually fast. [mutagenic meat]
 24730 | D:15     | Gained mutation: You possess an exceptional clarity of mind. [mutagenic meat]
 24732 | D:15     | Gained mutation: You are somewhat resistant to further mutation. [mutagenic meat]
 24733 | D:15     | Gained mutation: Your body is slowly deteriorating. [mutagenic meat]
 24941 | D:15     | Noticed Louise
 24957 | D:15     | Cast into the Abyss (Louise)
 25046 | Abyss:1  | Noticed a tentacled starspawn
 25054 | Abyss:1  | Killed a tentacled starspawn
 25081 | Abyss:1  | Paralysed by accursed screaming for 1 turns
 25098 | Abyss:1  | Reached skill level 19 in Maces & Flails
 25100 | Abyss:1  | Noticed a tentacled starspawn
 25107 | Abyss:1  | HP: 4/155 [tentacled starspawn (25)]
 25108 | Abyss:1  | HP: 1/155 [starspawn tentacle[a tentacled starspawn] (3)]
 25111 | Abyss:1  | Killed a tentacled starspawn
 25120 | D:15     | Escaped the Abyss
 25138 | D:15     | Killed Louise
 26035 | Snake:1  | Entered Level 1 of the Snake Pit
 26091 | Snake:1  | Found Tiugograh's Food Shoppe.
 26149 | Snake:1  | Received a gift from Trog
 26155 | Snake:1  | Got a twisted dire flail {god gift}
 26173 | Snake:1  | Identified the +1 dire flail "Enuc" {crush, Dex+5} (Trog gifted it to you on level 1 of the Snake Pit)
 26286 | Snake:1  | Reached skill level 20 in Maces & Flails
 26482 | Snake:1  | Gained mutation: You can breathe flames. [potion of mutation]
 27072 | Snake:1  | Noticed Aizul
 27085 | Snake:1  | Killed Aizul
 27101 | Snake:1  | Received a gift from Trog
 27105 | Snake:1  | HP: 7/155 [poisoned by a naga (splash of poison)]
 27110 | Snake:1  | HP: 7/155 [poisoned by a naga (splash of poison)]
 27511 | Snake:1  | Reached skill level 21 in Maces & Flails
 28075 | Snake:1  | Got a pair of pitted boots
 28081 | Snake:1  | Identified the cursed -2 pair of boots "Urikh" {Dex+8 Stlth+} (You found it on level 1 of the Snake Pit)
 28308 | Snake:2  | Received a gift from Trog
 28480 | Snake:2  | Reached XP level 17. HP: 156/162 MP: 11/16
 28490 | Snake:2  | Noticed Norris
 28509 | Snake:2  | Killed Norris
 29147 | Snake:3  | Noticed Agnes
 29157 | Snake:3  | Killed Agnes
 29186 | Snake:3  | Found a sacrificial altar of Ru.
 29390 | Snake:3  | Noticed Azrael
 29398 | Snake:3  | Killed Azrael
 29735 | Snake:3  | Noticed Asterion
 29743 | Snake:3  | Killed Asterion
 29821 | Snake:4  | Received a gift from Trog
 30895 | Snake:5  | Entered Level 5 of the Snake Pit
 31433 | Snake:5  | Received a gift from Trog
 31483 | Snake:5  | Noticed Radiman's ghost (mighty HOBe)
 31498 | Snake:5  | Killed Radiman's ghost
 31901 | Snake:5  | HP: 2/165 [naga sharpshooter/bolt (19)]
 31911 | Snake:5  | HP: 2/165 [poisoned by a naga ritualist (toxic radiance)]
 31917 | Snake:5  | HP: 3/165 [poisoned by a naga ritualist (toxic radiance)]
 31926 | Snake:5  | Shot with a bolt by a naga sharpshooter

Action                   |  1- 3 |  4- 6 |  7- 9 | 10-12 | 13-15 | 16-18 || total
-------------------------+-------+-------+-------+-------+-------+-------++-------
Melee: Mace              |    85 |   147 |   161 |       |       |       ||   393
       Dire flail        |       |       |   159 |   638 |   596 |       ||  1393
       Flail             |       |       |    40 |       |       |       ||    40
       Great mace        |       |       |       |       |   841 |   740 ||  1581
       Eveningstar       |       |       |       |       |   276 |       ||   276
Invok: Trog's Hand       |       |     1 |     4 |     4 |    16 |    11 ||    36
       Berserk           |       |     1 |     3 |     1 |    10 |     9 ||    24
       Brothers in Arms  |       |       |     2 |     7 |    12 |     6 ||    27
Evoke: Wand              |       |       |       |       |     6 |       ||     6
  Use: Scroll            |     8 |     6 |     9 |    11 |    18 |    11 ||    63
       Potion            |       |     1 |     1 |     4 |    12 |     9 ||    27
 Stab: Distracted        |       |       |       |     1 |     1 |     2 ||     4
  Eat: Chunk             |     2 |     7 |    14 |    29 |    63 |    36 ||   151
       Pizza             |       |       |     1 |       |     3 |     1 ||     5
       Fruit             |       |       |       |       |       |     8 ||     8
       Royal jelly       |       |       |       |       |       |     1 ||     1
